 Dungeon Crawl Stone Soup version 0.31-a0-210-gccc998df9b (webtiles) character file.

Game seed: 14456095280993050545

121 Dylgear the Sneak (level 5, 0/32 HPs)
             Began as an Octopode Hedge Wizard on June 29, 2023.
             Slain by a scorpion (1 damage)
             ... on level 3 of the Dungeon.
             The game lasted 00:10:56 (2514 turns).

Dylgear the Sneak (Octopode Hedge Wizard)           Turns: 2514, Time: 00:10:56

Health: 0/32       AC:  2    Str: 11    XL:     5   Next: 5%
Magic:  10/10      EV: 13    Int: 16    God:
Gold:   180        SH:  0    Dex: 12    Spells: 7/10 levels left

rFire   . . .        a - +0 dagger
rCold   . . .        (no shield)
rNeg    . . .        b - +1 hat
rPois   .            (no amulet)
rElec   .            (no ring)
rCorr   .            (no ring)
SInv    .            (no ring)
Will    .....        (no ring)
Stlth   ++++         (no ring)
HPRegen 0.25/turn    (no ring)
MPRegen 0.12/turn    (no ring)
                     (no ring)

%: no passive effects
@: lethally poisoned (0 -> -14)
A: almost no armour, amphibious, 8 rings, camouflage 1, gelatinous body 1,
(nimble swimmer 1), tentacles
a: no special abilities


You were on level 3 of the Dungeon.
You visited 1 branch of the dungeon, and saw 5 of its levels.

You collected 180 gold pieces.

Inventory:

Hand Weapons
 a - a +0 dagger (weapon)
 j - a +1 mace of protection
Missiles
 l - a boomerang
Armour
 b - a +1 hat (worn)
Jewellery
 i - a +6 ring of intelligence
Wands
 f - a wand of mindburst (9)
Scrolls
 d - a scroll of identify
 e - a scroll of teleportation {unknown}
 g - a scroll of immolation
 h - a scroll of blinking {unknown}
Potions
 c - a potion of magic
 k - a potion of invisibility


   Skills:
 + Level 0.8 Fighting
 * Level 1.6 Short Blades
 + Level 2.4 Dodging
 * Level 5.3 Stealth
 + Level 3.4 Spellcasting
 + Level 1.0 Conjurations
 + Level 1.0 Summonings
 + Level 1.0 Translocations


You had 7 spell levels left.
You knew the following spells:

 Your Spells              Type           Power      Damage    Failure   Level
a - Magic Dart            Conj           24%        1d4       12%         1
b - Blink                 Tloc           10%        N/A       19%         2

Your spell library contained the following spells:

 Spells                   Type           Power      Damage    Failure   Level
 Slow                     Hex            8%         N/A       19%         1
 Call Imp                 Summ           10%        N/A       19%         2
 Cigotuvi's Dreadful Rot  Necr/Pois/Air  4%         N/A       26%         2
 Mephitic Cloud           Conj/Pois/Air  3%         N/A       43%         3


Dungeon Overview and Level Annotations

Branches:
Dungeon (5/15)
 Temple: D:4-7

Altars:
Sif Muna

Shops:
D:2 (


Innate Abilities, Weirdness & Mutations

You cannot wear most types of armour.
You are amphibious.
You can wear up to eight rings at the same time.
Your skin changes colour to match your surroundings (Stealth+).
Your rubbery body absorbs attacks. (AC +1, EV +1)
((You are camouflaged when in or above water. (Stealth+)))
You have tentacles for arms and can constrict up to eight enemies at once.


Message History

There is a stone staircase leading down here.
You climb downwards.
There is a stone staircase leading up here.
Done exploring.
The scorpion stings you.
You hit the scorpion but do no damage. You grab the scorpion.
You squeeze the scorpion, but do no damage.
You constrict the scorpion. The scorpion stings you.
You are poisoned.
The scorpion poisons you!
You hit the scorpion but do no damage. You constrict the scorpion.
You feel very sick. The scorpion closely misses you.
You hit the scorpion but do no damage.
The scorpion is lightly wounded.
You constrict the scorpion, but do no damage.
You feel sick. The scorpion stings you.
You are more poisoned.
The scorpion poisons you!
You hit the scorpion but do no damage.
The scorpion is lightly wounded.
You constrict the scorpion.
You feel very sick.
The scorpion stings you but does no damage.
You hit the scorpion but do no damage.
You squeeze the scorpion, but do no damage.
The scorpion is lightly wounded.
You constrict the scorpion.
You feel very sick. The scorpion stings you.
* * * LOW HITPOINT WARNING * * *
You are more poisoned.
The scorpion poisons you!
You hit the scorpion.
The scorpion is moderately wounded.
You constrict the scorpion.
* * * LOW HITPOINT WARNING * * *
You feel very sick. The scorpion stings you.
You die...

#.##.##.# ####.###
#.......# #.#
#.......###### #.##
#.##.##......# #..#
#.##.##......# ##.#
#>##.##......# ###.#
#.##.##....[># #...#
#............#### #...#
####.#####.....@# #...#
#..<...)####s# ##.##
#.##.......#.# #.#
#.##.[.....#.####.####
#............##......#
#............##.#.##.#
####.##.##.#.##.#.##.######
###
#.##.##................#
..#
#......[#.##.##.#.##.#.###


You could see a scorpion.

Vanquished Creatures
  Ijyb (D:3)
  An orc wizard (D:3)
  An adder (D:2)
  2 dart slugs
  4 orcs (D:3)
  An endoplasm (D:2)
  4 giant cockroaches
  8 goblins
  5 hobgoblins
  3 jackals (D:3)
  2 quokkas (D:2)
  6 ball pythons
  4 bats
  4 frilled lizards
  2 kobolds (D:1)
  5 rats
53 creatures vanquished.

Notes
Turn   | Place    | Note
-------+----------+-------------------------------------------
     0 | D:1      | Dylgear the Octopode Hedge Wizard began the quest for the
                  | Orb.
     0 | D:1      | Reached XP level 1. HP: 11/11 MP: 4/4
   154 | D:1      | Reached skill level 3 in Stealth
   154 | D:1      | Reached XP level 2. HP: 5/17 MP: 6/6
   336 | D:1      | Found a faded altar of an unknown god.
   697 | D:2      | Found Hari's Antique Weapon Shoppe.
   718 | D:2      | Reached XP level 3. HP: 22/22 MP: 7/7
  1132 | D:2      | Reached skill level 4 in Stealth
  1527 | D:3      | Reached skill level 1 in Short Blades
  1717 | D:3      | Reached XP level 4. HP: 27/27 MP: 8/8
  1953 | D:3      | Noticed Ijyb
  1966 | D:3      | Killed Ijyb
  2064 | D:3      | Reached skill level 5 in Stealth
  2064 | D:3      | Reached XP level 5. HP: 28/32 MP: 6/10
  2119 | D:3      | Learned a level 2 spell: Blink
  2254 | D:4      | Found a shimmering blue altar of Sif Muna.
  2270 | D:5      | Entered Level 5 of the Dungeon
  2514 | D:3      | HP: 1/32 [poisoned by a scorpion]
  2514 | D:3      | Slain by a scorpion

Illustrated notes

Levels and vault maps discovered:
D:1:      lightli_arrival_noodles, layout_rooms,
          dreamdust_ecumenical_altar_angels_and_demons, nicolae_eternal_life
D:2:      minmay_spotlight, layout_basic, serial_shops, shop, chequers_avenue
D:3:      layout_loops_cross, uniq_ijyb
D:4:      layout_rooms, mainiacjoe_overflow_cross_hatched,
          minmay_temple_entry_trees, roderic_serpentine_path,
          uniq_crazy_yiuf_cottage, uniq_eustachio
D:5:      nicolae_cairo_tiling_large_dashed, layout_rooms,
          mainiacjoe_overflow_boulevard, minmay_starry_boxes

Skill      XL: |  1  2  3  4 |
---------------+-------------+-----
Stealth        | 3 4 5 |  5.3
Short Blades   | 1 |  1.6
Fighting       | |  0.8
Dodging        | |  2.4
Spellcasting   | |  3.4
Conjurations   | |  1.0
Summonings     | |  1.0
Translocations | |  1.0

Action                     |  1- 3 |  4- 6 || total
---------------------------+-------+-------++-------
  Melee: Dagger            |    79 |    43 ||   122
         Constrict         |    19 |    12 ||    31
         Tentacles         |    16 |    13 ||    29
         Punch             |     1 |     1 ||     2
   Cast: Magic Dart        |    13 |     2 ||    15
         Blink             |       |     4 ||     4
    Use: Scroll            |     4 |     2 ||     6
         Potion            |       |     3 ||     3
   Stab: Sleeping          |    15 |     2 ||    17
 Armour: Skin              |    11 |     6 ||    17
  Dodge: Dodged            |    35 |    44 ||    79

Table legend: (Time is in decaauts)
 A = Elapsed time spent in this place.
 B = Non-inter-level travel time spent in this place.
 C = Inter-level travel time spent in this place.
 D = Time resting spent in this place.
 E = Time spent auto-exploring this place.
 F = Levels seen in this place.
 G = Mean time per level.
                   A        B        C        D        E       F      G
               +--------+--------+--------+--------+--------+-----+--------+
         Total |   2503 |   2257 |    246 |    364 |   1157 |   5 |  500.6 |
       Dungeon |   2503 |   2257 |    246 |    364 |   1157 |   5 |  500.6 |
               +--------+--------+--------+--------+--------+-----+--------+

Top non-repeatable levels by time:
     D:2: 933 daAuts
     D:3: 856 daAuts
     D:1: 671 daAuts
     D:4: 39 daAuts
     D:5: 1 daAuts
